 Dungeon Crawl Stone Soup version 0.26-a0-966-gd078a86f14 (console) character file.

Game seed: 11180381014774675925

571 Ignak the Ogre Mage (level 7, 0/70 HPs)
             Began as an Ogre Hedge Wizard on Dec 3, 2020.
             Slain by an adder (1 damage)
             ... on level 4 of the Dungeon.
             The game lasted 00:16:16 (5777 turns).

Ignak the Ogre Mage (Ogre Hedge Wizard)             Turns: 5777, Time: 00:16:16

Health: 0/70       AC:  3    Str: 17    XL:     7   Next: 34%
Magic:  12/14      EV: 10    Int: 15    God:
Gold:   165        SH:  0    Dex:  8    Spells: 8/16 levels left

rFire    . . .     SeeInvis +   t - +2 flail (protect)
rCold    . . .     Faith    .   (no shield)
rNeg     . . .     Spirit   .   b - +0 robe
rPois    .         Reflect  .   c - +0 hat
rElec    .         Harm     .   o - scarf {repulsion}
rCorr    .         Rampage  .   (gloves unavailable)
MR       +....                  (boots unavailable)
Stlth    +.........             (no amulet)
HPRegen  0.21/turn              a - ring of protection from magic
MPRegen  0.14/turn              q - ring of see invisible

@: lethally poisoned (0 -> -9), repel missiles
A: large, unfitting armour, tough skin 1
a: no special abilities


You were on level 4 of the Dungeon.
You visited 1 branch of the dungeon, and saw 4 of its levels.

You collected 165 gold pieces.

Inventory:

Hand Weapons
 i - a +0 short sword of venom
 t - a +2 flail of protection (weapon)
Missiles
 r - 12 poisoned darts (quivered)
Armour
 b - a +0 robe (worn)
 c - a +0 hat (worn)
 m - a cursed +0 cloak
 o - a scarf of repulsion (worn)
Jewellery
 a - a ring of protection from magic (left hand)
 q - a ring of see invisible (right hand)
Scrolls
 f - a scroll of remove curse
 g - 2 scrolls of magic mapping
 h - 3 scrolls of identify
 n - a scroll of enchant armour
Potions
 p - a potion of attraction
 s - a potion of resistance {unknown}


   Skills:
 + Level 4.1 Fighting
 + Level 2.6 Maces & Flails
 + Level 3.3 Dodging
 - Level 1.4 Stealth
 - Level 1.0 Unarmed Combat
 + Level 5.1 Spellcasting
 + Level 3.0 Conjurations
 - Level 1.0 Summonings
 - Level 1.0 Translocations


You had 8 spell levels left.
You knew the following spells:

 Your Spells              Type           Power        Failure   Level
a - Magic Dart            Conj           ##..         4%          1
b - Blink                 Tloc           N/A          16%         2
d - Mephitic Cloud        Conj/Pois/Air  #.......     32%         3
e - Call Imp              Summ           #.......     16%         2

Your spell library contained the following spells:

 Spells                   Type           Power        Failure   Level
 Slow                     Hex            #.......     24%         2
 Conjure Flame            Conj/Fire      #.......     26%         3


Dungeon Overview and Level Annotations

Branches:
Dungeon (4/15)
 Temple: D:4-7

Altars:
Cheibriados
Gozag
Sif Muna

Annotations:
D:4 Pikel


Innate Abilities, Weirdness & Mutations

You are too large for most types of armour.
You have tough skin. (AC +1)


Message History

It was a potion of lignification.
You turn into a tree.
Your scarf of repulsion melds into your body.
Your +0 hat melds into your body.
Your +0 robe melds into your body.
The haze of the repulsion field disappears.
Your roots penetrate the ground.
* * * LOW HITPOINT WARNING * * *
You feel sick. The adder bites you but does no damage.
The orc priest hits your crimson imp with a +0 flail!
Your crimson imp misses the adder.
It was a potion of cancellation.
Your magical effects are unravelling.
You feel magically purged.
You feel less wooden.
Your scarf of repulsion unmelds from your body.
Your +0 hat unmelds from your body.
Your +0 robe unmelds from your body.
You are surrounded by a repulsion field.
You feel less attractive to monsters.
* * * LOW HITPOINT WARNING * * *
You feel sick. The adder barely misses you. The adder bites you.
You die...

######### #.......#
#.......# #.......#
#.......# #.......#
#.....@S### ...
#......5o.# #.#
###...###)# ...
###### #.# #.#
..... #.# #.#
......##.# #.#
........†# #.#
.......#####.#####
##...........#...##


You could see an orc priest, an adder and a friendly crimson imp (summoned).

Vanquished Creatures
  Eustachio (D:3)
  A centaur (D:3)
  A lemure (D:3)
  Crazy Yiuf (D:3)
  An orc priest (D:4)
  Terence (D:3)
  An orc wizard (D:4)
  A worker ant (D:4)
  4 gnolls
  An adder (D:3)
  3 dart slugs
  3 leopard geckos
  8 orcs
  9 bats
  3 giant cockroaches
  6 goblins
  6 hobgoblins
  4 jackals
  6 kobolds
  A quokka (D:2)
  5 frilled lizards
  7 rats
74 creatures vanquished.

Vanquished Creatures (collateral kills)
  2 lemures (D:3)
  A scorpion (D:3)
  An orc wizard (D:3)
  3 gnolls
  5 adders
  A worm (D:3)
  A dart slug (D:3)
  A leopard gecko (D:1)
  3 orcs
  A giant cockroach (D:3)
  7 goblins
  4 hobgoblins
  A jackal (D:3)
  7 bats
  5 frilled lizards (D:2)
  6 kobolds
  2 rats
51 creatures vanquished.

Vanquished Creatures (others)
  10 plants (D:4)
10 creatures vanquished.

Grand Total: 135 creatures vanquished

Notes
Turn   | Place    | Note
-------+----------+-------------------------------------------
     0 | D:1      | Ignak the Ogre Hedge Wizard began the quest for the Orb.
     0 | D:1      | Reached XP level 1. HP: 16/16 MP: 5/5
    43 | D:1      | Reached skill level 1 in Conjurations
    43 | D:1      | Reached skill level 1 in Summonings
    43 | D:1      | Reached skill level 1 in Translocations
   304 | D:1      | Reached XP level 2. HP: 26/26 MP: 4/6
   606 | D:1      | Learned a level 2 spell: Blink
   609 | D:1      | Learned a level 2 spell: Call Imp
  1143 | D:1      | Reached skill level 1 in Fighting
  1229 | D:1      | Reached XP level 3. HP: 31/33 MP: 2/8
  1651 | D:2      | Learned a level 3 spell: Mephitic Cloud
  1718 | D:2      | Found a snail-covered altar of Cheibriados.
  1750 | D:2      | Reached skill level 4 in Spellcasting
  1784 | D:2      | Reached skill level 1 in Unarmed Combat
  1784 | D:2      | Reached XP level 4. HP: 16/42 MP: 3/10
  2019 | D:2      | Reached skill level 1 in Maces & Flails
  3026 | D:3      | Reached XP level 5. HP: 49/49 MP: 11/11
  3114 | D:3      | Found a runed translucent door.
  3115 | D:3      | Noticed Crazy Yiuf
  3195 | D:3      | Noticed Terence
  3206 | D:3      | Killed Terence
  3374 | D:3      | Found an opulent altar of Gozag.
  3468 | D:3      | Noticed a centaur
  3483 | D:3      | Killed a centaur
  3484 | D:3      | Reached XP level 6. HP: 18/61 MP: 5/12
  4118 | D:3      | Found a shimmering blue altar of Sif Muna.
  4215 | D:3      | Killed Crazy Yiuf
  4473 | D:4      | Noticed Eustachio
  4482 | D:4      | Noticed Pikel
  5584 | D:3      | Killed Eustachio
  5585 | D:3      | Reached skill level 5 in Spellcasting
  5585 | D:3      | Reached XP level 7. HP: 53/70 MP: 0/14
  5775 | D:4      | HP: 2/70 [adder (5)]
  5777 | D:4      | Slain by an adder

Illustrated notes

Levels and vault maps discovered:
D:1:      mainiacjoe_arrival_reflecting_pool, layout_basic, minmay_tromino_v7
D:2:      layout_loops_ring, kennysheep_slug_shrine, minmay_lizard_pond
D:3:      layout_basic, lemuel_coloured_pillars_altar,
          nicolae_gozag_cash_rules_everything_around_me,
          uniq_crazy_yiuf_cottage, uniq_terence
D:4:      layout_loops_cross, zin_scriptorium, minmay_lizard_king, uniq_pikel,
          uniq_blork_the_orc, uniq_eustachio

Skill      XL: |  1  2  3  4  5  6 |
---------------+-------------------+-----
Conjurations   | 1 2 3 |  3.0
Summonings     | 1 |  1.0
Translocations | 1 |  1.0
Dodging        | 2 3 |  3.3
Fighting       | 1 2 3 4 |  4.1
Spellcasting   | 4 5 |  5.1
Unarmed Combat | 1 |  1.0
Maces & Flails | 1 2 |  2.6
Stealth        | |  1.4

Action                   |  1- 3 |  4- 6 |  7- 9 || total
-------------------------+-------+-------+-------++-------
Melee: Dagger            |    43 |    59 |       ||   102
       Mace              |    33 |       |       ||    33
       Club              |    13 |       |       ||    13
       Short sword       |       |    66 |       ||    66
       Flail             |       |    80 |    27 ||   107
Throw: Boomerang         |     1 |       |       ||     1
       Dart              |       |     6 |       ||     6
 Cast: Magic Dart        |    19 |       |       ||    19
       Call Imp          |    17 |    37 |     1 ||    55
       Mephitic Cloud    |       |    10 |       ||    10
       Blink             |       |     3 |       ||     3
  Use: Scroll            |       |     8 |       ||     8
       Potion            |       |     1 |     4 ||     5
 Stab: Sleeping          |     1 |     3 |       ||     4
       Distracted        |       |     1 |       ||     1
       Confused          |       |     2 |       ||     2
Armor: Robe              |    43 |    54 |    18 ||   115
       Skin              |       |       |     1 ||     1
Dodge: Dodged            |    91 |   179 |    28 ||   298
       Repelled          |       |     1 |       ||     1

Table legend: (Time is in decaauts)
 A = Elapsed time spent in this place.
 B = Non-inter-level travel time spent in this place.
 C = Inter-level travel time spent in this place.
 D = Time resting spent in this place.
 E = Time spent auto-exploring this place.
 F = Levels seen in this place.
 G = Mean time per level.
                   A        B        C        D        E       F      G
               +--------+--------+--------+--------+--------+-----+--------+
         Total |   5833 |   5783 |     50 |   2875 |   1432 |   4 | 1458.2 |
       Dungeon |   5833 |   5783 |     50 |   2875 |   1432 |   4 | 1458.2 |
               +--------+--------+--------+--------+--------+-----+--------+

Top non-repeatable levels by time:
     D:3: 2675 daAuts
     D:1: 1624 daAuts
     D:2: 1322 daAuts
     D:4: 211 daAuts
